 Dungeon Crawl Stone Soup version 0.31-a0-691-g409c26aa35 (webtiles) character file.

Game seed: 11398304804366867228

151 pokeman the Magician (level 5, -13/29 HPs)
             Began as a Deep Elf Hedge Wizard on Sept 6, 2023.
             Killed by divine providence
             ... invoked by an orc priest
              (16 damage)
             ... on level 5 of the Dungeon.
             The game lasted 00:05:42 (3386 turns).

pokeman the Magician (Deep Elf Hedge Wizard)        Turns: 3386, Time: 00:05:43

Health: -13/29     AC:  4    Str:  7    XL:     5   Next: 10%
Magic:  1/15       EV: 13    Int: 21    God:
Gold:   132        SH:  0    Dex: 14    Spells: 8/16 levels left

rFire   . . .        n - +3 dagger
rCold   . . .        (no shield)
rNeg    . . .        b - +0 robe
rPois   .            m - +0 helmet
rElec   .            t - +0 cloak
rCorr   .            (no gloves)
SInv    .            (no boots)
Will    .....        r - amulet of regeneration
Stlth   +            (no ring)
HPRegen 1.04/turn    (no ring)
MPRegen 0.14/turn

%: no passive effects
@: confused
A: no striking features
a: no special abilities


You were on level 5 of the Dungeon.
You visited 1 branch of the dungeon, and saw 5 of its levels.

You collected 132 gold pieces.

Inventory:

Hand Weapons
 n - a +3 dagger (weapon)
Armour
 b - a +0 robe (worn)
 m - a +0 helmet (worn)
 t - a +0 cloak (worn)
Jewellery
 i - a ring of fire
 r - an amulet of regeneration (around neck)
Scrolls
 a - a scroll of enchant armour {unknown}
 c - 3 scrolls of amnesia {unknown}
 f - a scroll of fog {unknown}
 g - 4 scrolls of fear {unknown}
 j - 6 scrolls of identify {unknown}
 k - 2 scrolls of vulnerability {unknown}
 l - a scroll of revelation {unknown}
Potions
 d - 4 potions of magic
 e - 2 potions of resistance {unknown}
 h - a potion of curing {unknown}
 o - a potion of degeneration {unknown}
 p - a potion of attraction {unknown}
 q - 2 potions of cancellation {unknown}
 s - a potion of heal wounds {unknown}


   Skills:
 - Level 1.0 Fighting
 - Level 1.0 Armour
 + Level 3.0 Dodging
 + Level 3.1 Stealth
 * Level 6.1 Spellcasting
 + Level 2.5 Conjurations
 - Level 1.1 Summonings
 - Level 1.1 Translocations


You had 8 spell levels left.
You knew the following spells:

 Your Spells              Type           Power      Damage    Failure   Level
a - Magic Dart            Conj           68%        1d6       3%          1
b - Mephitic Cloud        Conj/Pois/Air  9%         N/A       21%         3
c - Call Imp              Summ           22%        N/A       10%         2
d - Blink                 Tloc           22%        N/A       10%         2

Your spell library contained the following spells:

 Spells                   Type           Power      Damage    Failure   Level
 Slow                     Hex            24%        N/A       10%         1
 Cigotuvi's Dreadful Rot  Necr/Pois/Air  12%        N/A       14%         2


Dungeon Overview and Level Annotations

Branches:
Dungeon (5/15)
 Temple: D:4-7

Altars:

Shops:
D:2 (   D:3 [


Message History

The iguana is engulfed in noxious fumes.
The iguana appears confused.
The iguana bites the troll but does no damage.
The hound misses you.
The hound bites itself.
The scorpion is engulfed in noxious fumes.
The scorpion appears confused.
The scorpion misses you.
The scorpion stings itself.
Unknown command.
You barely miss the scorpion.
The scorpion is moderately wounded.
You are engulfed in noxious fumes.
You choke on the stench!
You are more confused.
The iguana barely misses the scorpion.
Unknown command.
Unknown command.
You're too confused to move!
You are engulfed in noxious fumes.
You choke on the stench!
You are more confused.
The iguana bites the scorpion.
The scorpion closely misses you.
Unknown command.
Unknown command.
You bump into the rock wall.
The hound closely misses you. The scorpion barely misses you.
The scorpion stings itself but does no damage.
The iguana bites the orc priest!
Unknown command.
Unknown command.
You hit the hound.
The hound is severely wounded.
The orc priest calls down the wrath of Beogh upon you.
Beogh smites you!
* * * LOW HITPOINT WARNING * * *
The iguana bites the scorpion.
The hound closely misses you.
Unknown command.
The hound bites you.
* * * LOW HITPOINT WARNING * * *
The orc priest calls down the wrath of Beogh upon you.
Beogh smites you!
Ouch! That really hurt!
You die...

#..............#.#
#.............$#.#
#..............#.#
#...$..........#.#
#......o)oT...[#.#
#######.lo#(...#.#
###.###### #hs#
##@# #...# ###.#
..# .# .. .. #..


You could see a scorpion (confused), an iguana (confused), a hound (confused), 2
orc priests and an orc.

Vanquished Creatures
  6 adders
  3 gnolls (D:4)
  A dart slug (D:2)
  2 orcs
  8 endoplasms
  6 giant cockroaches
  11 goblins
  3 hobgoblins
  6 kobolds
  3 quokkas
  A ball python (D:3)
  3 bats
  4 frilled lizards
57 creatures vanquished.

Vanquished Creatures (collateral kills)
  An orc (D:5)
1 creature vanquished.

Grand Total: 58 creatures vanquished

Notes
Turn   | Place    | Note
-------+----------+-------------------------------------------
     0 | D:1      | pokeman the Deep Elf Hedge Wizard began the quest for the
                  | Orb.
     0 | D:1      | Reached XP level 1. HP: 10/10 MP: 7/7
   420 | D:1      | Reached XP level 2. HP: 15/15 MP: 6/9
  1180 | D:2      | Reached skill level 5 in Spellcasting
  1267 | D:2      | Reached XP level 3. HP: 10/20 MP: 0/11
  1277 | D:2      | Learned a level 3 spell: Mephitic Cloud
  1280 | D:2      | Learned a level 2 spell: Call Imp
  1283 | D:2      | Learned a level 2 spell: Blink
  1685 | D:2      | Reached skill level 1 in Fighting
  1685 | D:2      | Reached skill level 1 in Armour
  1859 | D:2      | Found Kecrey Viwaa's Weapon Emporium.
  2001 | D:2      | Reached XP level 4. HP: 25/25 MP: 9/13
  2669 | D:3      | Found Olle Vixe's Armour Shoppe.
  3323 | D:4      | Reached skill level 6 in Spellcasting
  3331 | D:4      | Noticed a scorpion
  3332 | D:4      | Reached XP level 5. HP: 29/29 MP: 0/15
  3335 | D:4      | Upgraded the game from 0.31-a0-675-g238779eb0a to
                  | 0.31-a0-691-g409c26aa35
  3342 | D:5      | Entered Level 5 of the Dungeon
  3368 | D:5      | Noticed a troll
  3386 | D:5      | Killed from afar by an orc priest

Illustrated notes

Levels and vault maps discovered:
D:1:      eino_arrival_tree_alley, layout_basic
D:2:      layout_basic, serial_shops, nicolae_shop_hallway_plus,
          hangedman_feature_mirror, kennysheep_generic_room_7
D:3:      layout_loops_ring, serial_shops,
          nicolae_shop_competitors_out_of_business
D:4:      layout_loops_ring, nicolae_ashenzari_panopticon, kennysheep_mini,
          minmay_misc_feat_columns
D:5:      layout_basic, mainiacjoe_overflow_small_starburst

Skill      XL: |  1  2  3  4 |
---------------+-------------+-----
Spellcasting   | 5 6 |  6.1
Fighting       | 1 |  1.0
Armour         | 1 |  1.0
Conjurations   | 2 |  2.5
Stealth        | 3 |  3.1
Dodging        | 3 |  3.0
Summonings     | |  1.1
Translocations | |  1.1

Action                     |  1- 3 |  4- 6 || total
---------------------------+-------+-------++-------
  Melee: Dagger            |     7 |     6 ||    13
   Cast: Magic Dart        |    94 |    59 ||   153
         Mephitic Cloud    |       |     2 ||     2
         Blink             |       |     2 ||     2
         Call Imp          |       |     2 ||     2
   Stab: Confused          |       |     1 ||     1
 Armour: Robe              |     7 |    23 ||    30
  Dodge: Dodged            |    15 |    30 ||    45

Table legend: (Time is in decaauts)
 A = Elapsed time spent in this place.
 B = Non-inter-level travel time spent in this place.
 C = Inter-level travel time spent in this place.
 D = Time resting spent in this place.
 E = Time spent auto-exploring this place.
 F = Levels seen in this place.
 G = Mean time per level.
                   A        B        C        D        E       F      G
               +--------+--------+--------+--------+--------+-----+--------+
         Total |   3384 |   3343 |     41 |      0 |   2915 |   5 |  676.8 |
       Dungeon |   3384 |   3343 |     41 |      0 |   2915 |   5 |  676.8 |
               +--------+--------+--------+--------+--------+-----+--------+

Top non-repeatable levels by time:
     D:2: 1210 daAuts
     D:1: 983 daAuts
     D:3: 787 daAuts
     D:4: 359 daAuts
     D:5: 43 daAuts
